 Dungeon Crawl Stone Soup version 0.27-a0-334-g52645efa06 (webtiles) character file.

Game seed: 4648631775711130404

606 Nattfarinn the Covert (level 7, 0/36 HPs)
             Began as a Kobold Enchanter on Feb 12, 2021.
             Succumbed to a water moccasin's poison
             ... on level 5 of the Dungeon on Feb 13, 2021.
             The game lasted 00:19:25 (7526 turns).

Nattfarinn the Covert (Kobold Enchanter)            Turns: 7526, Time: 00:19:26

Health: 0/36       AC:  2    Str:  4 (5)  XL:     7   Next: 70%
Magic:  12/12      EV: 14    Int: 16 (19) God:
Gold:   294        SH:  0    Dex: 12 (15) Spells: 4/13 levels left

rFire    . . .     SeeInvis .   u - +1 dagger (protect)
rCold    . . .     Faith    +   (shield restricted)
rNeg     . . .     Spirit   .   b - +0 robe
rPois    .         Reflect  .   (no helmet)
rElec    .         Harm     .   s - scarf {+Inv}
rCorr    .         Rampage  .   (no gloves)
Will     .....                  (no boots)
Stlth    +++++.....             r - amulet of faith
HPRegen  0.12/turn              (no ring)
MPRegen  0.13/turn              (no ring)

@: lethally poisoned (0 -> -25), flying
A: small, mutation resistance 1, nightstalker 3
a: Evoke Invisibility


You were on level 5 of the Dungeon.
You visited 1 branch of the dungeon, and saw 5 of its levels.

You collected 294 gold pieces.

Inventory:

Hand Weapons
 a - a +2 dagger
 u - a +1 dagger of protection (weapon)
Missiles
 o - 8 datura-tipped darts
Armour
 b - a +0 robe (worn)
 d - a scarf of repulsion
 n - a +2 scale mail of cold resistance
 s - a scarf of invisibility (worn)
 t - a +1 cloak of poison resistance
Jewellery
 r - an amulet of faith (around neck)
Wands
 c - a wand of iceblast (22)
 h - a wand of random effects (13)
Scrolls
 f - a scroll of fog {unknown}
 m - 2 scrolls of random uselessness
 p - a scroll of identify
Potions
 g - a potion of haste
 j - 2 potions of attraction
 q - a potion of degeneration


   Skills:
 - Level 1.3 Short Blades
 - Level 2.4 Dodging
 * Level 8.1 Stealth
 + Level 3.7 Spellcasting
 - Level 6.0 Hexes


You had 4 spell levels left.
You knew the following spells:

 Your Spells              Type           Power        Failure   Level
a - Corona                Hex            24%          1%          1
b - Ensorcelled Hibernat  Hex/Ice        24%          8%          2
c - Confusing Touch       Hex            22%          4%          3
d - Tukima's Dance        Hex            22%          4%          3

Your spell library contained the following spells:

 Spells                   Type           Power        Failure   Level
 Dazzling Flash           Conj/Hex       24%          16%         3


Dungeon Overview and Level Annotations

Branches:
Dungeon (5/15)
 Temple: D:4-7

Altars:
Cheibriados
Ru
Wu Jian
Xom


Innate Abilities, Weirdness & Mutations

You are small and have problems with some larger weapons.
You are completely attuned to the shadows.
You are somewhat resistant to further mutation.


Message History

You impale the orc!!
Your weapon exudes an aura of protection.
You kill the orc!
You feel very sick.
Unknown command.
The helpless orc fails to defend itself.
You impale the orc!!
You kill the orc!
You feel very sick.
You are too injured to fight recklessly!
You are too injured to fight recklessly!
* * * LOW HITPOINT WARNING * * *
You feel very sick.
The helpless orc fails to defend itself.
You impale the orc!!
You kill the orc!
* * * LOW HITPOINT WARNING * * *
You feel very sick.
It was a potion of degeneration.
There was something very wrong with that liquid.
You feel weakened.
You feel dopey.
You feel clumsy.
* * * LOW HITPOINT WARNING * * *
You feel sick.
It was a potion of ambrosia.
You are confused.
You feel invigorated.
* * * LOW HITPOINT WARNING * * *
You feel very sick.
You're too confused to move!
* * * LOW HITPOINT WARNING * * *
You feel very sick.
You feel less invigorated.
You feel less confused.
* * * LOW HITPOINT WARNING * * *
You feel sick.
* * * LOW HITPOINT WARNING * * *
You feel sick.
You die...

..............#
.............###
.....#######...#
#...# #...#
.######### ###...#.
.......... #.......
...).).... #.#..###
....@.)...####...##
.............#.S.#
.######### #....)#
#..#### #.## #.#
#.# #.. #.#


There were no monsters in sight!

Vanquished Creatures
  Sigmund (D:2)
  A centaur zombie (D:5)
  2 jellies (D:3)
  An orc priest (D:4)
  A gnoll shaman (D:2)
  Ijyb (D:3)
  Robin (D:4)
  8 adders
  3 gnolls (D:2)
  A white imp (D:4)
  2 oozes (D:1)
  An adder skeleton (D:4)
  A worm (D:3)
  7 dart slugs
  5 leopard geckos
  8 orcs
  12 bats
  2 giant cockroaches
  26 goblins
  15 hobgoblins
  An iguana (D:3)
  3 jackals (D:4)
  4 kobolds
  A quokka (D:2)
  A ball python (D:4)
  A ball python skeleton (D:4)
  6 frilled lizards
  A quokka skeleton (D:4)
  13 rats
130 creatures vanquished.

Notes
Turn   | Place    | Note
-------+----------+-------------------------------------------
     0 | D:1      | Nattfarinn the Kobold Enchanter began the quest for the
                  | Orb.
     0 | D:1      | Reached XP level 1. HP: 10/10 MP: 3/3
    92 | D:1      | Reached XP level 2. HP: 15/15 MP: 5/5
   264 | D:1      | Learned a level 2 spell: Ensorcelled Hibernation
   475 | D:1      | Reached XP level 3. HP: 17/19 MP: 2/6
  1531 | D:2      | Reached XP level 4. HP: 24/24 MP: 4/7
  1915 | D:2      | Reached skill level 5 in Stealth
  2090 | D:2      | Noticed Sigmund
  2237 | D:2      | Killed Sigmund
  2238 | D:2      | Reached skill level 6 in Stealth
  2238 | D:2      | Reached skill level 5 in Hexes
  2238 | D:2      | Reached XP level 5. HP: 21/28 MP: 0/8
  2238 | D:2      | Reached XP level 6. HP: 24/32 MP: 0/9
  3684 | D:2      | Learned a level 3 spell: Confusing Touch
  3973 | D:3      | Found a sacrificial altar of Ru.
  4440 | D:3      | Reached XP level 7. HP: 34/36 MP: 7/10
  4440 | D:3      | Upgraded the game from 0.27-a0-333-gfa571bf19a to
                  | 0.27-a0-334-g52645efa06
  4466 | D:3      | Found a shimmering altar of Xom.
  4498 | D:3      | Reached skill level 7 in Stealth
  4798 | D:3      | Found an ornate altar of the Wu Jian Council.
  4877 | D:3      | Noticed Ijyb
  4901 | D:3      | Killed Ijyb
  5097 | D:3      | Found a snail-covered altar of Cheibriados.
  6904 | D:4      | Noticed Robin
  6941 | D:4      | Killed Robin
  7035 | D:4      | Learned a level 3 spell: Tukima's Dance
  7339 | D:5      | Entered Level 5 of the Dungeon
  7439 | D:5      | Reached skill level 8 in Stealth
  7496 | D:5      | Noticed a water moccasin
  7510 | D:5      | Gained mutation: You are somewhat resistant to further
                  | mutation. [potion of mutation]
  7510 | D:5      | HP: 1/36 [poisoned by a water moccasin]
  7526 | D:5      | Succumbed to a water moccasin's poison

Illustrated notes

Levels and vault maps discovered:
D:1:      ncdulo_smallfort, layout_loops_corners, serial_forest,
          infiniplex_forest_lined_1, infiniplex_forest_fountain,
          infiniplex_forest_straight_3, infiniplex_forest_straight_3,
          infiniplex_forest_pool, infiniplex_forest_lined_2,
          minmay_rat_gold_closets
D:2:      layout_basic, bh_walls_and_bars, uniq_sigmund
D:3:      kennysheep_the_goblin_king, layout_loops_ring, lemuel_crystal_altar,
          kennysheep_slug_shrine, hangedman_ru_absence, dk_xom_monty_hall
D:4:      cheibrodos_greedy_goblins, layout_basic, uniq_robin
D:5:      layout_basic, minitemple, minmay_bent

Skill      XL: |  1  2  3  4  5  6  7 |
---------------+----------------------+-----
Hexes          | 4 5 6 |  6.0
Stealth        | 6 8 |  8.1
Spellcasting   | 3 |  3.7
Short Blades   | |  1.3
Dodging        | |  2.4

Action                   |  1- 3 |  4- 6 |  7- 9 || total
-------------------------+-------+-------+-------++-------
Melee: Dagger            |    56 |    78 |   147 ||   281
 Cast: Corona            |     5 |     3 |       ||     8
       Ensorcelled Hiber |     5 |    43 |    52 ||   100
       Confusing Touch   |       |       |     4 ||     4
Evoke: Wand              |       |       |     1 ||     1
  Use: Scroll            |       |     5 |     7 ||    12
       Potion            |       |       |    12 ||    12
 Stab: Sleeping          |    25 |    29 |    43 ||    97
       Distracted        |       |     1 |       ||     1
       Confused          |       |       |     7 ||     7
Armor: Robe              |     6 |    14 |    22 ||    42
Dodge: Dodged            |    33 |    77 |    75 ||   185
       Repelled          |       |     1 |       ||     1

Table legend: (Time is in decaauts)
 A = Elapsed time spent in this place.
 B = Non-inter-level travel time spent in this place.
 C = Inter-level travel time spent in this place.
 D = Time resting spent in this place.
 E = Time spent auto-exploring this place.
 F = Levels seen in this place.
 G = Mean time per level.
                   A        B        C        D        E       F      G
               +--------+--------+--------+--------+--------+-----+--------+
         Total |   7500 |   7282 |    218 |   1595 |   4492 |   5 | 1500.0 |
       Dungeon |   7500 |   7282 |    218 |   1595 |   4492 |   5 | 1500.0 |
               +--------+--------+--------+--------+--------+-----+--------+

Top non-repeatable levels by time:
     D:2: 2291 daAuts
     D:4: 2062 daAuts
     D:1: 1661 daAuts
     D:3: 1343 daAuts
     D:5: 141 daAuts
